Map: Cosmic Sapphire

Players

Nicoract

  • Race: Terran Terran
  • League: Grandmaster
  • Spawn Location: 11:00

LiquidElazer (Elazer) - Winner!

  • Race: Zerg Zerg
  • League: Master
  • Spawn Location: 5:00

VOD

Have the link to the VOD?

Description

Time

  • Played on: Oct. 19, 2022, 12:27 p.m.
  • Length: 12:53
Show
View Real Time Build Order
Export as new Build Order

Nicoract Terran 

Build Orders: Reaper Expand, Hellion Banshee 

Get SALT Encoding   

  12  0:00  SCV  
  13  0:12  SCV  
  14  0:18  Supply Depot  
  14  0:24  SCV  
  15  0:39  SCV  
  15  0:40  Barracks  
  16  0:44  Refinery  
  16  0:51  SCV  
  17  1:03  SCV  
  18  1:16  SCV  
  19  1:28  Reaper  
  19  1:29  Orbital Command  
  20  1:38  Command Center  
  20  1:48  Supply Depot  
  20  1:54  SCV  
  20  2:00  Marine  
  22  2:03  Factory  
  22  2:06  SCV  
  23  2:18  SCV  
  23  2:21  Barracks Reactor  
  24  2:36  SCV  
  24  2:37  Command Center  
  25  2:42  Refinery  
  25  2:49  SCV  
  26  2:52  Orbital Command  
  26  3:01  SCV, Starport  
  26  3:11  Hellion  
  28  3:13  SCV  
  28  3:16  Hellion  
  28  3:18  SCV  
  32  3:20  Barracks Tech Lab  
  32  3:25  SCV  
  33  3:30  SCV  
  33  3:32  Hellion  
  36  3:37  Hellion, SCV  
  39  3:43  SCV  
  39  3:46  Cloaking Field  
  39  3:47  Banshee  
  43  3:50  SCV  
  43  3:53  Orbital Command  
  44  4:00  SCV  
  46  4:02  SCV  
  46  4:05  Hellion  
  46  4:06  Hellion, Barracks Tech Lab  
  46  4:12  SCV  
  46  4:14  SCV  
  48  4:19  Supply Depot, SCV  
  49  4:24  SCV, Stimpack, Marine  
  49  4:27  SCV  
  49  4:29  Hellion x2  
  56  4:31  Banshee  
  60  4:38  SCV  
  60  4:41  Supply Depot  
  60  4:43  Marine  
  62  4:46  Orbital Command  
  62  4:49  SCV  
  62  4:57  SCV  
  62  4:58  Supply Depot  
  62  4:59  Barracks x2  
  63  5:00  Factory Reactor  
  63  5:01  Engineering Bay x2, SCV, Marine  
  63  5:06  Refinery  
  65  5:07  Refinery  
  65  5:09  SCV  
  65  5:13  SCV x2  
  68  5:21  SCV  
  68  5:25  SCV x2  
  68  5:26  Marine  
  72  5:28  Terran Infantry Armor Level 1, Terran Infantry Weapons Level 1  
  72  5:30  Starport Reactor  
  72  5:33  SCV  
  73  5:36  Supply Depot x2  
  73  5:37  SCV x2  
  75  5:45  SCV, Marine  
  75  5:49  SCV, Marine x2  
  79  5:50  SCV  
  79  5:54  Siege Tank  
  84  5:57  Marine x2  
  84  5:58  SCV  
  84  6:02  SCV x2  
  89  6:04  Marine  
  89  6:07  Combat Shield  
  89  6:08  Barracks x2  
  89  6:09  Marine x2  
  92  6:15  Medivac x2  
  92  6:16  Marine x2  
  98  6:20  SCV x3  
  98  6:21  Supply Depot  
  101  6:35  Marine x2  
  101  6:36  Siege Tank, Marine  
  101  6:39  Marine x2  
  101  6:42  SCV x2  
  101  6:43  SCV  
  101  6:45  Medivac x2  
  104  6:53  Marine x2  
  106  6:57  Barracks Reactor x2  
  106  6:58  SCV, Armory  
  106  6:59  Supply Depot, SCV x2  
  106  7:00  Refinery  
  109  7:01  Refinery  
  109  7:02  Supply Depot  
  109  7:04  Supply Depot  
  109  7:06  Marine x3  
  112  7:11  SCV x3, Factory, Marine  
  112  7:12  Marine  
  117  7:20  Siege Tank  
  120  7:24  Supply Depot, Marine x3  
  120  7:28  Marine  
  120  7:29  SCV x2  
  126  7:32  Marine  
  126  7:34  Medivac  
  126  7:35  Medivac  
  131  7:38  Supply Depot, SCV  
  131  7:39  Supply Depot  
  131  7:41  SCV x2  
  128  7:44  Marine x4  
  128  7:45  Marine x3  
  128  7:49  Missile Turret  
  128  7:50  Missile Turret x2  
  131  7:52  Marine x2  
  128  8:02  Marine x5  
  118  8:05  Marine  
  118  8:09  Marine  
  118  8:10  Marine  
  118  8:11  Marine  
  117  8:14  Factory Reactor  
  117  8:18  SCV x3  
  120  8:20  Marine x3  
  120  8:23  Marine  
  120  8:24  Terran Infantry Armor Level 2, Terran Infantry Weapons Level 2  
  121  8:27  Marine  
  121  8:33  Barracks Reactor x2  
  119  8:37  Missile Turret, Marine  
  119  8:38  SCV x3  
  119  8:39  Missile Turret x2, Marine x2  
  116  8:41  Marine  
  116  8:45  Marine  
  114  8:52  Barracks Reactor  
  114  8:55  Terran Vehicle Weapons Level 1, Marine  
  114  8:56  Missile Turret, Marine  
  114  8:57  Marine  
  114  8:58  Missile Turret x2, Medivac x2  
  114  8:59  Marine  
  122  9:03  Marine, Drilling Claws  
  122  9:05  Widow Mine x2  
  122  9:07  SCV x3  
  130  9:12  Missile Turret  
  130  9:14  Missile Turret  
  130  9:23  Missile Turret  
  130  9:25  Thor  
  130  9:26  SCV  
  130  9:27  SCV x2  
  139  9:34  Widow Mine x2  
  142  9:39  SCV x2, Marauder, Marine  
  147  9:45  Refinery  
  147  9:47  Missile Turret  
  147  9:49  Marine x3  
  147  9:50  Marine x3  
  147  9:51  Marine  
  154  9:53  Sensor Tower  
  154  9:55  Medivac x2  
  154  9:56  Missile Turret  
  154  9:59  Missile Turret  
  158  10:01  Marauder  
  158  10:04  Widow Mine x2  
  164  10:19  Thor  
  164  10:21  Command Center  
  170  10:26  Missile Turret  
  170  10:28  Missile Turret  
  170  10:30  Missile Turret  
  170  10:32  Widow Mine x2  
  174  10:37  Marine x4  
  174  10:38  Marauder, Marine  
  174  10:42  Supply Depot  
  181  10:44  Supply Depot x2  
  181  10:45  Refinery, Marine x3  
  181  10:48  Refinery  
  181  10:49  Medivac x2  
  188  10:53  Barracks x2  
  188  10:54  Barracks  
  188  10:55  Supply Depot  
  188  11:07  Marine  
  188  11:08  Marauder, Marine x6  
  197  11:16  Widow Mine  
  196  11:29  Marauder  
  197  11:43  Barracks Tech Lab  
  197  11:44  Barracks Tech Lab  
  193  11:47  Marine  
  193  11:48  Marine  
  193  11:49  Thor, Widow Mine x2  
  193  11:51  Marauder  
  199  11:55  Marine  
  200  12:03  Marine  
  185  12:10  Marauder, Marine x3  
  185  12:12  Marauder  
  185  12:13  Widow Mine x2  
  185  12:15  Command Center  
  170  12:28  Marauder, Marine x4  
  170  12:29  Ghost Academy, Marine x3  
  151  12:32  Marauder  
  151  12:34  Barracks Tech Lab  
Show
View Real Time Build Order
Export as new Build Order

LiquidElazer Zerg - Winner!

Build Orders: Hatch First 

Get SALT Encoding   

  12  0:00  Drone  
  13  0:12  Overlord  
  13  0:16  Drone  
  14  0:30  Drone x2  
  16  0:47  Hatchery  
  15  0:50  Drone  
  15  0:54  Drone  
  17  0:57  Drone  
  18  1:07  Extractor  
  17  1:12  Spawning Pool  
  17  1:15  Drone  
  17  1:19  Drone  
  18  1:27  Drone  
  19  1:39  Drone  
  20  1:49  Drone  
  21  1:58  Queen  
  21  1:59  Queen  
  21  2:00  Zergling x4  
  27  2:09  Metabolic Boost  
  27  2:10  Drone, Overlord  
  28  2:28  Hatchery  
  28  2:29  Drone  
  28  2:31  Drone  
  28  2:35  Drone  
  30  2:38  Drone  
  31  2:45  Queen  
  31  2:48  Overlord  
  31  2:51  Drone  
  35  2:58  Drone x2  
  35  3:07  Drone x5  
  40  3:13  Queen  
  40  3:16  Overlord  
  42  3:22  Queen  
  44  3:34  Overlord  
  44  3:38  Drone x2  
  44  3:40  Drone x6  
  52  3:47  Queen  
  55  3:48  Drone  
  55  3:51  Overlord  
  55  3:52  Drone x2  
  57  3:56  Queen  
  56  4:04  Drone x4  
  56  4:06  Drone  
  59  4:13  Drone x2  
  60  4:17  Drone  
  60  4:22  Drone x3  
  60  4:23  Drone  
  67  4:24  Drone x2  
  67  4:25  Drone x2  
  67  4:26  Drone  
  67  4:30  Queen  
  72  4:35  Overlord  
  72  4:36  Lair  
  72  4:41  Spore Crawler  
  72  4:42  Queen  
  72  4:43  Spore Crawler  
  72  4:45  Overlord  
  72  4:46  Drone  
  72  4:50  Extractor  
  72  4:55  Drone x6  
  72  4:56  Spore Crawler, Drone  
  72  4:59  Drone x3  
  81  5:02  Extractor  
  81  5:03  Overlord  
  81  5:04  Drone x2  
  81  5:05  Drone  
  81  5:06  Drone  
  84  5:09  Drone  
  84  5:11  Drone  
  84  5:13  Extractor  
  85  5:14  Extractor  
  85  5:15  Zergling x2, Extractor  
  84  5:23  Zergling x10  
  84  5:26  Hatchery  
  84  5:28  Overlord  
  88  5:33  Drone x5  
  88  5:34  Drone  
  94  5:36  Spire  
  94  5:42  Baneling Nest, Overlord  
  92  5:43  Overseer  
  92  5:45  Zergling x6  
  92  5:46  Zergling x2  
  96  5:53  Overlord  
  96  5:55  Overlord  
  96  5:57  Drone  
  96  5:59  Drone  
  98  6:06  Zergling x16  
  106  6:12  Overlord  
  106  6:24  Hatchery  
  105  6:39  Drone x2  
  102  6:40  Drone  
  102  6:42  Drone x2  
  102  6:48  Mutalisk x10  
  102  6:53  Evolution Chamber  
  120  6:54  Overlord  
  120  6:56  Zerg Flyer Weapons Level 1  
  120  6:57  Evolution Chamber  
  120  6:59  Drone x8  
  127  7:05  Centrifugal Hooks  
  127  7:08  Zergling x10  
  127  7:10  Baneling x4  
  127  7:11  Baneling  
  127  7:12  Baneling  
  132  7:20  Zergling x12  
  138  7:28  Zergling x16  
  146  7:33  Baneling  
  146  7:34  Baneling x5  
  146  7:39  Zerg Ground Armor Level 1, Zerg Melee Weapons Level 1, Overlord x2  
  146  7:42  Zergling x16  
  152  7:50  Zergling x12  
  152  7:58  Zergling x6  
  152  7:59  Zergling x4  
  144  8:07  Mutalisk x5  
  148  8:15  Mutalisk  
  148  8:19  Overlord  
  149  8:20  Drone x10  
  149  8:23  Queen  
  150  8:29  Zergling x12  
  154  8:40  Zergling x2  
  154  8:41  Zergling x22  
  165  8:46  Zergling x6  
  166  8:53  Overlord  
  166  8:55  Zerg Flyer Weapons Level 2  
  158  9:03  Baneling x9  
  158  9:05  Zergling x2, Pneumatized Carapace  
  158  9:06  Zergling x22  
  169  9:14  Spore Crawler  
  169  9:15  Spine Crawler  
  167  9:17  Baneling x13  
  167  9:19  Zergling x20  
  177  9:25  Burrow  
  177  9:33  Drone x12  
  189  9:41  Overlord x2  
  189  9:46  Hatchery  
  187  9:52  Zerg Melee Weapons Level 2, Zerg Ground Armor Level 2  
  187  9:59  Overseer  
  186  10:03  Extractor  
  186  10:04  Mutalisk x3, Extractor  
  186  10:05  Mutalisk  
  192  10:08  Zergling x16  
  192  10:12  Hatchery  
  199  10:22  Spore Crawler  
  199  10:23  Spine Crawler  
  199  10:24  Spore Crawler, Spine Crawler  
  194  10:32  Drone x5  
  194  10:35  Spine Crawler  
  198  10:37  Baneling x24, Spine Crawler  
  198  10:38  Spine Crawler x2  
  198  10:40  Spine Crawler  
  194  10:44  Zergling x10  
  199  10:50  Baneling  
  199  10:51  Baneling x11  
  195  10:57  Baneling x5  
  195  10:58  Baneling  
  195  11:05  Zergling x8  
  194  11:37  Baneling x6  
  191  11:50  Zergling x4  
  191  11:51  Zergling x28  
  195  11:58  Baneling x10  
  195  11:59  Zergling x8, Baneling x5  
  182  12:12  Zergling x52  
  196  12:18  Baneling  
  196  12:19  Baneling x2  
  196  12:28  Zergling x32  
  197  12:35  Zergling x10  
  199  12:40  Hatchery  
  192  12:48  Hatchery  
Tags
 
Add a new tag
Caveats
  • Supply blocks, unpowered buildings, or Contaminate may cause inaccurate times.
  • Supply counts are checked every 10 seconds.